General information
- name: BNet
- type: Ladder 1vs1/FFA
- host: Battle.net
- saver: BEAR_AND
map: TurtleRock
- players: 2
- length: 24:07
- speed: Fast
- version: 1.24 W3XP
- replay type:

» download(61 KB)
Players
team 1 (winner)
BEAR_AND (
teal | 67 APM | 1623 actions | 24:07)
6 Blademaster
2 Wind Walk
3 Critical Strike
1 Bladestorm
» actions
| Assign group hotkey | 7 | |
| Basic commands | 1 | |
| Build / train | 60 | |
| Enter build submenu | 35 | |
| Enter hero's abilities submenu | 7 | |
| Give item / drop item | 19 | |
| Right click | 1169 | |
| Select / deselect | 192 | |
| Select group hotkey | 42 | |
| Use ability | 89 | |
1623 total
» units
» upgrades
| Ranged Weapons | 3 | |
| Reinforced Defenses | 1 | |
| Liquid Fire | 1 | |
| Armor | 3 | |
| Spiked Barricades | 1 | |
9 total
» buildings
| Altar of Storms | 1 | |
| Orc Burrow | 4 | |
| Voodoo Lounge | 1 | |
| War Mill | 1 | |
| Stronghold | 2 | |
| Watch Tower | 20 | |
| Beastiary | 1 | |
| Fortress | 1 | |
| Great Hall | 2 | |
33 total
» build order
00:13 Altar of Storms
00:23 Orc Burrow
01:02 Voodoo Lounge
01:34 War Mill
02:41 Stronghold
02:41 Stronghold
03:14 Watch Tower
03:17 Watch Tower
03:37 Watch Tower
03:41 Watch Tower
04:21 Orc Burrow
05:07 Beastiary
05:12 Orc Burrow
05:24 Watch Tower
05:26 Watch Tower
06:45 Watch Tower
06:46 Watch Tower
08:09 Watch Tower
08:10 Fortress
08:12 Watch Tower
08:23 Orc Burrow
10:48 Watch Tower
11:55 Watch Tower
11:56 Watch Tower
21:48 Great Hall
21:50 Watch Tower
21:50 Watch Tower
21:51 Watch Tower
21:52 Watch Tower
21:56 Great Hall
24:05 Watch Tower
24:06 Watch Tower
24:06 Watch Tower
» items
| Healing Salve | 4 | |
| Lesser Clarity Potion | 10 | |
| Periapt of Vitality | 1 | |
| Boots of Speed | 1 | |
| Orb of Lightning | 1 | |
17 total
team 2 (loser)
DrewKid2323 (
pink | 21 APM | 511 actions | 24:06)
4 Demon Hunter
2 Immolation
2 Evasion
» actions
| Basic commands | 11 | |
| Build / train | 95 | |
| ESC pressed | 1 | |
| Enter build submenu | 16 | |
| Enter hero's abilities submenu | 4 | |
| Right click | 97 | |
| Select / deselect | 251 | |
| Use ability | 36 | |
511 total
» units
| Wisp | 39 | |
| Archer | 10 | |
| Huntress | 9 | |
| Hippogryph | 9 | |
| Glaive Thrower | 6 | |
| Druid of the Talon | 2 | |
75 total
» upgrades
| Strength of the Moon | 3 | |
| Moon Armor | 2 | |
| Strength of the Wild | 2 | |
| Improved Bows | 1 | |
| Reinforced Hides | 2 | |
| Hippogryph Taming | 1 | |
| Druid of the Talon Training | 1 | |
| Upgrade Moon Glaive | 1 | |
13 total
» buildings
| Moon Well | 8 | |
| Altar of Elders | 1 | |
| Ancient of War | 1 | |
| Hunter's Hall | 1 | |
| Tree of Ages | 1 | |
| Ancient of Wonders | 1 | |
| Ancient of Wind | 1 | |
| Tree of Life | 1 | |
| Tree of Eternity | 1 | |
16 total
» build order
00:09 Moon Well
00:15 Altar of Elders
00:28 Ancient of War
02:13 Moon Well
03:55 Hunter's Hall
04:38 Moon Well
05:09 Tree of Ages
05:33 Ancient of Wonders
08:55 Moon Well
09:41 Ancient of Wind
11:59 Moon Well
12:09 Tree of Life
16:48 Moon Well
18:26 Moon Well
18:39 Tree of Eternity
20:15 Moon Well
Chat log
(00:20 / All) BEAR_AND: hi
(00:30 / All) BEAR_AND: happy halloween
(00:31 / All) DrewKid2323: wat up
(00:34 / All) DrewKid2323: same to u
(00:50 / All) BEAR_AND: love this map
(00:56 / All) BEAR_AND: turtle rock is haunted fyi
(02:13 / All) BEAR_AND: you may notice a g host
(04:38 / All) BEAR_AND: sweet drops
(04:39 / All) BEAR_AND: fyi
(04:43 / All) BEAR_AND: for my big ghost
(04:45 / All) DrewKid2323: weerd
(06:16 / All) BEAR_AND: HEY
(06:19 / All) BEAR_AND: HAPPY HALLOWEEN
(06:20 / All) DrewKid2323: hey
(06:24 / All) DrewKid2323: same to u son
(07:06 / All) BEAR_AND: bBOOO
(08:39 / All) BEAR_AND: hey
(08:44 / All) BEAR_AND: there's a ghost on turtle rock
(08:49 / All) DrewKid2323: sreiosuly
(09:00 / All) BEAR_AND: teag'
(09:02 / All) BEAR_AND: YEAHG
(10:58 / All) BEAR_AND: you haunted
(10:59 / All) BEAR_AND: by a ghost
(11:03 / All) BEAR_AND: name arashicage
(11:05 / All) DrewKid2323: im drunk lol
(11:20 / All) BEAR_AND: i guarantee
(11:25 / All) BEAR_AND: i'm drunker
(13:27 / All) BEAR_AND: ghost
(13:28 / All) BEAR_AND: says
(13:30 / All) BEAR_AND: "HEY"
(13:33 / All) BEAR_AND: "YOU SUCK ASS"
(15:18 / All) BEAR_AND: hey
(15:20 / All) BEAR_AND: it's halloween
(15:23 / All) BEAR_AND: how bad are you
(15:27 / All) BEAR_AND: so bad!!!!!!!!!!!!
(17:25 / All) BEAR_AND: how many times of year does a blade get 4 gloves from tr
(17:27 / All) BEAR_AND: not many
(17:31 / All) BEAR_AND: this is spooky
(18:02 / All) BEAR_AND: leave
(18:04 / All) BEAR_AND: leave this game
(18:07 / All) BEAR_AND: awoooo halloweenn
(19:31 / All) BEAR_AND: you haunted?
(19:35 / All) BEAR_AND: you haunted.
(19:36 / All) DrewKid2323: all
(19:39 / All) DrewKid2323: day
(20:47 / All) BEAR_AND: BI
(20:48 / All) BEAR_AND: NO
(20:49 / All) BEAR_AND: NO EXPO
(23:01 / All) BEAR_AND: lmao
(23:08 / All) BEAR_AND: what
(23:23 / All) BEAR_AND: leave
(23:25 / All) BEAR_AND: you suck
(23:26 / All) BEAR_AND: shit
(23:28 / All) BEAR_AND: eat a butt
(23:30 / All) BEAR_AND: halloween
(23:35 / All) BEAR_AND: boo
(23:37 / All) BEAR_AND: you lose